 Dungeon Crawl Stone Soup version 0.30-a0-824-g6c64550be9 (webtiles) character file.

Game seed: 17015560112725903339

254 avis the Cleaver (level 6, -13/52 HPs)
             Began as a Hill Orc Monk on Feb 28, 2023.
             Mangled by an ogre
             ... wielding a +0 giant spiked club
              (22 damage)
             ... on level 4 of the Dungeon.
             The game lasted 00:13:53 (3635 turns).

avis the Cleaver (Hill Orc Monk)                    Turns: 3635, Time: 00:13:53

Health: -13/52     AC:  9    Str: 16    XL:     6   Next: 15%
Magic:  6/6        EV:  7    Int: 10    God:
Gold:   151        SH:  6    Dex: 19    Spells: 5/5 levels left

rFire   . . .      SeeInvis .    a - +0 war axe
rCold   + . .      Faith    .    D - +2 buckler
rNeg    . . .      Spirit   .    p - +1 chain mail {rC+}
rPois   .          Reflect  .    (no helmet)
rElec   .          Harm     .    (no cloak)
rCorr   .          Rampage  .    (no gloves)
Will    .....                    (no boots) Stlth
                                 v - amulet of the acrobat
HPRegen 0.28/turn                s - +6 ring of dexterity
MPRegen 0.10/turn                (no ring)

@: no status effects
A: no striking features
a: no special abilities


You were on level 4 of the Dungeon.
You visited 1 branch of the dungeon, and saw 4 of its levels.

You collected 151 gold pieces.

Inventory:

Hand Weapons
 a - a +0 war axe (weapon)
 j - a +0 sling
 l - a +0 spear
 m - a +1 dagger of venom
 w - a +0 spear
 x - the +7 long sword "Zecsyp" {flame, rF++ Str+2}
   (You found it on level 3 of the Dungeon)

   Str:       It affects your strength (+2).
   rF:        It greatly protects you from fire.
Missiles
 n - 6 boomerangs
 y - 4 poisoned darts (quivered)
Armour
 k - a +0 ring mail
 p - a +1 chain mail of cold resistance (worn)
 D - a +2 buckler (worn)
Magical Staves
 q - a staff of death
 u - a staff of poison
Jewellery
 s - a +6 ring of dexterity (left hand)
 v - an amulet of the acrobat (around neck)
Wands
 o - a wand of light (8)
Scrolls
 b - 2 scrolls of amnesia {unknown}
 e - 4 scrolls of identify {unknown}
 r - a scroll of poison {unknown}
 t - a scroll of immolation {unknown}
 z - a scroll of vulnerability {unknown}
 E - a scroll of fog {unknown}
Potions
 c - 2 potions of ambrosia
 d - a potion of lignification {unknown}
 f - a potion of flight {unknown}
 g - 2 potions of resistance {unknown}
 h - a potion of attraction {unknown}
 i - a potion of mutation {unknown}
 A - a potion of heal wounds {unknown}
 B - a potion of curing {unknown}
 C - a potion of brilliance {unknown}


   Skills:
 * Level 4.0 Fighting
 - Level 8.0 Axes
 - Level 3.0 Dodging
 - Level 2.0 Stealth


You had 5 spell levels left.
You didn't know any spells.
Your spell library contained the following spells:

 Spells                   Type           Power      Damage    Failure   Level
 Borgnjor's Revivificati  Necr           0%         N/A       100%        8
 Necromutation            Tmut/Necr      0%         N/A       100%        8
 Death's Door             Necr           0%         N/A       100%        9


Dungeon Overview and Level Annotations

Branches:
Dungeon (4/15)
 Temple: D:4-7

Altars:


Message History

You slash the scorpion!
You kill the scorpion!
You have reached level 6!
You start resting.
An adder comes into view.
Found 2 purple potions.
The adder hisses angrily.
An ogre comes into view. It is wielding a +0 giant spiked club.
You block the adder's attack.
You slash the adder!
The adder is almost dead.
The adder bites you but does no damage.
You hit the adder.
You kill the adder!
Training target 8.0 for Axes reached!
Your Axes skill increases to level 8!
You need to enable at least one skill for training.
Throw: 6 darts (poison)
Press: ? - help, Q - select action, (/) - cycle Shift-Dir - straight line, f - ogre
Aim: an ogre, wielding a +0 giant spiked club (77% to hit)
You throw a poisoned dart. The poisoned dart hits the ogre.
The ogre is poisoned.
Throw: 5 darts (poison)
Press: ? - help, Q - select action, (/) - cycle Shift-Dir - straight line, f/p - ogre
Aim: an ogre, wielding a +0 giant spiked club (poisoned, 77% to hit)
You throw a poisoned dart.
The poisoned dart closely misses the ogre.
Aiming: Bolt of Light
Press: ? - help, Shift-Dir - straight line, f/p - ogre
Aim: an ogre, wielding a +0 giant spiked club (lightly wounded, poisoned, 86% to hit)
The bolt of light misses the ogre.
You closely miss the ogre.
The ogre is lightly wounded.
The ogre hits you with a +0 giant spiked club!!
Ouch! That really hurt!
* * * LOW HITPOINT WARNING * * *
You slash the ogre!
The ogre is heavily wounded.
The ogre hits you with a +0 giant spiked club!!
You die...

##.......
#........ ....
##......# ....
##..... ....#
##.#.. ##.(.##
#..#.###.......
###.....#........
#.###.....O......
##..#.....@†......
#...............!.
#..........#......
..##.....#####...
#....## ..
#......... #
##...##... #..##
..# #### .#


You could see an ogre (poisoned).

Vanquished Creatures
  A scorpion (D:4)
  Terence (D:2)
  6 adders
  4 gnolls (D:2)
  2 worms
  A dart slug (D:4)
  2 orcs (D:4)
  2 ball pythons
  4 bats
  7 endoplasms
  2 giant cockroaches (D:1)
  7 hobgoblins
  8 jackals
  8 kobolds
  3 quokkas
  5 frilled lizards
  3 goblins
  9 rats
  A bush (D:2)
76 creatures vanquished.

Vanquished Creatures (others)
  2 fungi (D:1)
  3 plants (D:2)
5 creatures vanquished.

Grand Total: 81 creatures vanquished

Notes
Turn   | Place    | Note
-------+----------+-------------------------------------------
     0 | D:1      | avis the Hill Orc Monk began the quest for the Orb.
     0 | D:1      | Reached XP level 1. HP: 19/19 MP: 1/1
   316 | D:1      | Found a faded altar of an unknown god.
   327 | D:1      | Reached XP level 2. HP: 7/26 MP: 2/2
   601 | D:1      | Reached skill level 5 in Axes
   775 | D:1      | Reached XP level 3. HP: 21/31 MP: 3/3
  1343 | D:2      | Noticed Terence
  1348 | D:2      | Killed Terence
  1349 | D:2      | Reached skill level 6 in Axes
  1349 | D:2      | Reached XP level 4. HP: 11/40 MP: 4/4
  2197 | D:2      | Reached skill level 7 in Axes
  2201 | D:2      | Reached XP level 5. HP: 22/46 MP: 5/5
  2512 | D:3      | Identified the +7 long sword "Zecsyp" {flame, rF++ Str+2}
  3620 | D:4      | Reached XP level 6. HP: 38/52 MP: 6/6
  3631 | D:4      | Reached skill level 8 in Axes
  3635 | D:4      | Mangled by an ogre

Illustrated notes

Levels and vault maps discovered:
D:1:      dpeg_arrival_ratfight, layout_basic,
          shapermc_ecumenical_altar_mp_urbaneastern
D:2:      layout_basic, serial_forest, infiniplex_forest_split,
          infiniplex_forest_zigzag_1, infiniplex_forest_straight_2,
          infiniplex_forest_lined_corner, infiniplex_forest_lined_corner,
          minivault_24, minmay_split_cup_large, uniq_terence
D:3:      layout_loops_ring, chequers_avenue
D:4:      layout_cave_pools, minmay_temple_entry_enclosed_plants

Skill      XL: |  1  2  3  4  5  6 |
---------------+-------------------+-----
Axes           | 5 6 7 8 |  8.0
Fighting       | 4 |  4.0
Dodging        | 3 |  3.0
Stealth        | 2 |  2.0

Action                     |  1- 3 |  4- 6 || total
---------------------------+-------+-------++-------
  Melee: Hand axe          |    72 |       ||    72
         Punch             |     1 |     1 ||     2
         War axe           |    20 |   179 ||   199
  Throw: Dart              |       |     2 ||     2
  Evoke: Wand              |       |     1 ||     1
   Stab: Sleeping          |     5 |       ||     5
 Armour: Robe              |     8 |       ||     8
         Ring mail         |     6 |       ||     6
         Chain mail        |       |    66 ||    66
  Dodge: Dodged            |    72 |    47 ||   119
  Block: Buckler           |       |     6 ||     6

Table legend: (Time is in decaauts)
 A = Elapsed time spent in this place.
 B = Non-inter-level travel time spent in this place.
 C = Inter-level travel time spent in this place.
 D = Time resting spent in this place.
 E = Time spent auto-exploring this place.
 F = Levels seen in this place.
 G = Mean time per level.
                   A        B        C        D        E       F      G
               +--------+--------+--------+--------+--------+-----+--------+
         Total |   3675 |   3140 |    535 |    618 |   1601 |   4 |  918.8 |
       Dungeon |   3675 |   3140 |    535 |    618 |   1601 |   4 |  918.8 |
               +--------+--------+--------+--------+--------+-----+--------+

Top non-repeatable levels by time:
     D:2: 1328 daAuts
     D:1: 1272 daAuts
     D:3: 1000 daAuts
     D:4: 74 daAuts
